 Dungeon Crawl Stone Soup version 0.28-a0-938-gbc3f381ebc (webtiles) character file.

Game seed: 12270949962276378329

64 ytrimaz the Grave Robber (level 3, -4/24 HPs)
             Began as a Demonspawn Necromancer on Nov 28, 2021.
             Killed from afar by an orc wizard (9 damage)
             ... with a puff of flame
             ... on level 3 of the Dungeon.
             The game lasted 00:02:27 (2285 turns).

ytrimaz the Grave Robber (Demonspawn Necromancer)   Turns: 2285, Time: 00:02:27

Health: -4/24      AC:  3    Str:  8    XL:     3   Next: 91%
Magic:  2/6        EV: 12    Int: 23    God:
Gold:   83         SH:  0    Dex: 15    Spells: 3/7 levels left

rFire   . . .      SeeInvis .   (no weapon)
rCold   . . .      Faith    .   (no shield)
rNeg    . . .      Spirit   .   a - +0 robe
rPois   .          Reflect  .   (helmet restricted)
rElec   .          Harm     .   (no cloak)
rCorr   .          Rampage  .   (no gloves)
Will    .....                   (no boots)
Stlth   ++........              (no amulet)
HPRegen 0.08/turn               c - +6 ring of intelligence
MPRegen 0.10/turn               f - ring of flight

@: flying
A: horns 1, agile 1, shaggy fur 1
a: no special abilities


You were on level 3 of the Dungeon.
You visited 1 branch of the dungeon, and saw 3 of its levels.

You collected 83 gold pieces.

Inventory:

Armour
 a - a +0 robe (worn)
Jewellery
 c - a +6 ring of intelligence (left hand)
 f - a ring of flight (right hand)
Scrolls
 b - a scroll of amnesia
 g - 2 scrolls of fear
Potions
 e - a potion of mutation


   Skills:
 - Level 1.7 Dodging
 - Level 1.7 Stealth
 + Level 2.5 Spellcasting
 * Level 5.8 Necromancy


You had 3 spell levels left.
You knew the following spells:

 Your Spells              Type           Power      Damage    Failure   Level
a - Pain                  Necr           100%       1d9       1%          1
b - Vampiric Draining     Necr           29%        2d8       3%          3

Your spell library contained the following spells:

 Spells                   Type           Power      Damage    Failure   Level
 Animate Skeleton         Necr           58%        N/A       1%          1
 Apportation              Tloc           4%         N/A       12%         1
 Summon Small Mammal      Summ           8%         N/A       12%         1
 Animate Dead             Necr           14%        N/A       11%         4
 Agony                    Necr           29%        N/A       30%         5


Dungeon Overview and Level Annotations

Branches:
Dungeon (3/15)

Altars:

Shops:
D:1 !?


Innate Abilities, Weirdness & Mutations

You have a pair of small horns on your head.
You are agile. (Dex +2)
You are covered in fur. (AC +1)


Message History

Magic restored.
A hobgoblin comes into view.
A hobgoblin is nearby!
A hobgoblin is nearby!
You can't see any susceptible monsters within range! (Use Z to cast anyway.)
The hobgoblin writhes in agony.
The hobgoblin writhes in agony.
You kill the hobgoblin!
You can't see any susceptible monsters within range! (Use Z to cast anyway.)
A hobgoblin comes into view.
A hobgoblin is nearby!
A hobgoblin is nearby!
The hobgoblin shouts!
The hobgoblin writhes in agony.
You hear a shout! x4
An orc wizard comes into view. It is wielding a +0 dagger.
The hobgoblin writhes in agony.
The hobgoblin writhes in agony.
The hobgoblin hits you.
An orc comes into view. It is wielding a +0 dagger.
The hobgoblin writhes in agony.
You kill the hobgoblin!
The orc wizard casts a spell at you. The puff of flame hits you.
You are too injured to fight recklessly!
Unknown command.
The orc wizard casts a spell at you. The puff of flame hits you!
* * * LOW HITPOINT WARNING * * *
You are too injured to fight recklessly!
You are too injured to fight recklessly!
Unknown command.
It was a potion of mutation.
You feel extremely strange. Fur sprouts all over your body.
You feel agile.
A giant cockroach comes into view.
An orc comes into view. It is wielding a +0 falchion.
Unknown command.
Unknown command.
The orc wizard casts a spell at you. The puff of flame hits you!
You die...

#.###............#
#.###..#####.# #.#
#..# #.# #.# #..#
#.# #.# #..# #.#
#.# #..# #.# #.#
#... #.# #.# #.#
#.# ..# #@# #.#
####.##o#
...oo.†B#
####B#### #


You could see an orc wizard and a giant cockroach (wandering).

Vanquished Creatures
  Terence (D:2)
  A worm (D:2)
  3 dart slugs
  4 bats
  6 endoplasms (D:1)
  3 giant cockroaches
  3 hobgoblins
  A ball python (D:2)
  3 frilled lizards
  2 goblins
  3 kobolds
  3 rats
33 creatures vanquished.

Notes
Turn   | Place    | Note
-------+----------+-------------------------------------------
     0 | D:1      | ytrimaz the Demonspawn Necromancer began the quest for the
                  | Orb.
     0 | D:1      | Reached XP level 1. HP: 13/13 MP: 3/3
    51 | D:1      | Found a faded altar of an unknown god.
   285 | D:1      | Gained mutation: You have a pair of small horns on your
                  | head. [demonic ancestry]
   285 | D:1      | Reached XP level 2. HP: 16/19 MP: 1/5
   389 | D:1      | Found Rywu's Magic Scroll Boutique.
   469 | D:1      | Reached skill level 5 in Necromancy
   715 | D:1      | Found Duetis's Distillery.
  1479 | D:2      | Noticed Terence
  1484 | D:2      | Killed Terence
  1485 | D:2      | Reached XP level 3. HP: 21/24 MP: 2/6
  1587 | D:2      | Learned a level 3 spell: Vampiric Draining
  2283 | D:3      | Gained mutation: You are covered in fur. (AC +1) [potion of
                  | mutation]
  2283 | D:3      | Gained mutation: You are agile. (Dex +2) [potion of
                  | mutation]
  2285 | D:3      | Killed from afar by an orc wizard

Illustrated notes

Levels and vault maps discovered:
D:1:      eino_arrival_water_star, layout_loops_corners,
          hellmonk_ecumenical_altar_leap_of_faith, serial_shops,
          nicolae_shop_stone, shop
D:2:      layout_rooms, st_stairs_11, uniq_terence
D:3:      layout_loops_ring, uniq_crazy_yiuf_cottage, uniq_natasha

Skill      XL: |  1  2 |
---------------+-------+-----
Necromancy     | 5 |  5.8
Dodging        | |  1.7
Stealth        | |  1.7
Spellcasting   | |  2.5

Action                   || total
-------------------------++-------
Melee: Unarmed           ||     4
 Cast: Pain              ||    65
       Vampiric Draining ||     2
  Use: Scroll            ||     3
       Potion            ||     1
Armor: Robe              ||     1
Dodge: Dodged            ||     8

Table legend: (Time is in decaauts)
 A = Elapsed time spent in this place.
 B = Non-inter-level travel time spent in this place.
 C = Inter-level travel time spent in this place.
 D = Time resting spent in this place.
 E = Time spent auto-exploring this place.
 F = Levels seen in this place.
 G = Mean time per level.
                   A        B        C        D        E       F      G
               +--------+--------+--------+--------+--------+-----+--------+
         Total |   2286 |   2239 |     47 |    203 |   1759 |   3 |  762.0 |
       Dungeon |   2286 |   2239 |     47 |    203 |   1759 |   3 |  762.0 |
               +--------+--------+--------+--------+--------+-----+--------+

Top non-repeatable levels by time:
     D:1: 1495 daAuts
     D:2: 720 daAuts
     D:3: 70 daAuts
